Cogmind - Beta 13 @@@ ROGUE MODE // 2024.05.11 @ 18:09:07 Player: P9H Result: Destroyed self with Mini Grenade Launcher Performance ------------- Evolutions (2) 1000 Regions Visited (4) 800 Robots Destroyed (70) 350 Value Destroyed (1892) 1892 Prototype IDs (2) 40 Alien Tech Used (0) 0 Bonus (33) 33 TOTAL SCORE: 4115 Bonus ------- High Alert Combat Kills 33 Cogmind --------- Core Integrity 0/550 Matter 16/300 Energy 100/100 System Corruption 17% Temperature Cool (0) Movement Core (200) Ox3 Location -8/Materials Parts ------- > --- POWER (2) -------- (None) > --- PROPULSION (2) --- (None) > --- UTILITY (4) ------ Medium Storage Unit Core Shielding > --- WEAPON (3) ------- Mini Grenade Launcher > --- INVENTORY (10) --- Aluminum Leg Aluminum Leg Small Battery (100) Mini Grenade Launcher Peak State ------------ > --- POWER ------------ Light Ion Engine Light Ion Engine > --- PROPULSION ------- Titanium Leg Titanium Leg > --- UTILITY ---------- Improved Heat Sink Medium Storage Unit Large Matter Pod Core Shielding > --- WEAPON ----------- Enhanced Autogun Gauss Rifle Mini Grenade Launcher > --- INVENTORY -------- Aluminum Leg Aluminum Leg Small Battery Mini Grenade Launcher [Rating: 24] Favorites ----------- Power Ion Engine Engine Ion Engine Power Core Nuclear Core Propulsion Wheel Treads Light Treads Leg Titanium Leg Wheel Wheel Utility Medium Storage Unit Device Heat Sink Storage Medium Storage Unit Processor Targeting Computer Protection Weapon Shielding Weapon Light Assault Rifle Energy Gun Spread Laser Energy Cannon Advanced Beam Cannon Ballistic Gun Light Assault Rifle Ballistic Cannon Light Cannon Launcher Mini Grenade Launcher Build | -11 -10 -9 -9 -8 ------- Run | Yrd Mat Mat Min Mat Slots Evolved 4 | . . 2 . 2 Power 1 | . . 1 . . Propulsion . | . . . . . Utility 2 | . . 1 . 1 Weapon 1 | . . . . 1 Parts Attached 76 | 6 10 19 4 37 Power 14 | 1 1 7 1 4 Engine 13 | 1 1 7 1 3 Core 1 | . . . . 1 Reactor . | . . . . . Propulsion 15 | 2 2 5 1 5 Treads 1 | 1 . . . . Leg 4 | . . . . 4 Wheel 10 | 1 2 5 1 1 Hover . | . . . . . Flight . | . . . . . Utility 13 | 1 2 3 . 7 Device 3 | . . . . 3 Storage 4 | 1 1 . . 2 Processor 2 | . 1 1 . . Hackware . | . . . . . Protection 4 | . . 2 . 2 Artifact . | . . . . . Weapon 34 | 2 5 4 2 21 Energy Gun 8 | 1 . 2 1 4 Energy Cannon 1 | . . 1 . . Ballistic Gun 16 | 1 5 . 1 9 Ballistic Cannon 1 | . . 1 . . Launcher 8 | . . . . 8 Special Weapon . | . . . . . Impact Weapon . | . . . . . Slashing Weapon . | . . . . . Piercing Weapon . | . . . . . Special Melee Weapon . | . . . . . Unidentified Prototypes 2 | . . 1 . 1 Parts Lost 33 | . 2 4 2 25 Power 7 | . . 2 1 4 Propulsion 8 | . 1 1 1 5 Utility 8 | . . 1 . 7 Weapon 10 | . 1 . . 9 Highest Loss Streak 10 | . 2 2 2 10 To Critical Strikes . | . . . . . Average Slot Usage (%) 92 | . 95 98 86 85 Engine 16 | . 14 21 9 12 Treads 2 | . 11 . . . Leg 1 | . . . . 6 Wheel 16 | . 15 21 21 8 Device 3 | . . . . 11 Storage 11 | . 14 11 11 9 Processor 8 | . 10 11 11 2 Protection 7 | . . 10 11 6 Energy Gun 7 | . 6 8 11 7 Energy Cannon 2 | . . 5 . . Ballistic Gun 10 | . 21 3 1 14 Ballistic Cannon 2 | . . 4 9 . Launcher 1 | . . . . 3 Naked Turns . | . . . . . Heaviest Build 36 | 13 16 28 24 36 Greatest Support 34 | 20 20 20 20 34 Greatest Overweight (x) 8 | 1 3 2 1 8 Average Overweight (x) . | . . 1 . 1 Largest Inventory Capacity 10 | 8 10 10 10 10 Average Capacity 9 | 6 8 10 10 10 Most Carried 10 | 5 8 10 10 10 Average Carried 8 | 3 7 9 9 8 Final Capacity 10 | 8 10 10 10 10 Final Carried 10 | 4 8 10 10 4 Class Distribution -------------------- 71% | Mutant 11% | Scavenger-Tank 8% | Gunner 4% | Scavenger-Gunner 4% | Scavenger-Mutant Dominant Class ---------------- Mutant | -10/Materials Mutant | -9/Materials Mutant | -9/Mines Scavenger-Tank | -8/Materials Resources | -11 -10 -9 -9 -8 ----------- Run | Yrd Mat Mat Min Mat Matter Collected 1303 | 220 136 471 57 419 Remotely . | . . . . . Salvage Created 1720 | . 294 489 45 892 Parts 137 | . 26 36 3 72 Haulers Intercepted . | . . . . . Recyclers Shooed 3 | . . 2 . 1 Parts Field Recycled . | . . . . . Retrieved Matter . | . . . . . Parts Self-Destructed . | . . . . . Prevented . | . . . . . Kills | -11 -10 -9 -9 -8 ------- Run | Yrd Mat Mat Min Mat Combat Hostiles Destroyed 53 | . 11 17 2 23 Guns 30 | . 10 5 1 14 Cannons 13 | . . 12 1 . AOE 10 | . 1 . . 9 Classes Destroyed 10 | . 2 4 . 4 Worker 6 | . . 2 . 4 Builder 7 | . . 1 . 6 Recycler 2 | . . . . 2 Watcher 2 | . . 1 . 1 Swarmer 17 | . 6 7 . 4 Grunt 28 | . 5 6 2 15 Duelist 1 | . . . . 1 Sentry 5 | . . 4 . 1 Specialist 1 | . . . . 1 Heavy 1 | . . . . 1 Best Kill Streak 10 | . 3 5 2 10 Combat Bots Only 5 | . 3 4 2 5 Max Kills in Single Turn 5 | . 1 1 1 5 Gunslinging . | . . . . . Exploded 1 | . 1 . . 1 Melee . | . . . . . Uniques/NPCs Destroyed . | . . . . . Combat | -11 -10 -9 -9 -8 -------- Run | Yrd Mat Mat Min Mat Hostile Shots Fired 300 | . 64 95 12 129 Missed 81 | . 23 30 2 26 Damage Taken 3895 | 1 429 728 127 2610 Core 731 | 1 71 92 13 554 Absorbed by Shields . | . . . . . Redirected to Shielding 74 | . . 50 . 24 Core Remaining (%) 81 | 99 71 . 73 . Volleys Fired 151 | . 37 56 5 53 Largest 3 | . 2 2 2 3 Hottest 133 | . 60 133 100 128 Shots Fired 318 | . 70 102 10 136 Gun 228 | . 70 48 5 105 Cannon 59 | . . 54 5 . Launcher 31 | . . . . 31 Special . | . . . . . Kinetic 159 | . 49 34 5 71 Thermal 107 | . . 68 5 34 Explosive 31 | . . . . 31 Electromagnetic 21 | . 21 . . . Robot Hit Streak 23 | . 15 19 8 23 Robot Miss Streak 7 | . 3 6 3 7 Penetration Max . | . . . . . Secondary Targets 7 | . 3 . . 4 Max Gunslinging Chain 1 | . 1 . . 1 Shots Hit Robots 222 | . 47 82 9 84 Core Hits 163 | . 18 58 11 76 Critical Kills . | . . . . . Critical Parts Destroyed 1 | . 1 . . . Critical Strikes 6 | . 1 4 . 1 Burn 2 | . . 1 . 1 Destroy 1 | . 1 . . . Blast 3 | . . 3 . . Melee Attacks . | . . . . . Impact . | . . . . . Slashing . | . . . . . Piercing . | . . . . . Sneak Attacks . | . . . . . Combat Hostiles . | . . . . . Follow-up Attacks . | . . . . . Damage Inflicted 5030 | 2 495 1443 157 2933 Guns 2177 | . 461 562 84 1070 Cannons 905 | . . 832 73 . Explosions 1895 | . 32 . . 1863 Melee . | . . . . . Ramming 53 | 2 2 49 . . Kinetic 1360 | . 279 353 73 655 Thermal 1572 | . 32 1041 84 415 Explosive 1863 | . . . . 1863 Electromagnetic 182 | . 182 . . . Impact . | . . . . . Slashing . | . . . . . Piercing . | . . . . . Highest Corruption 17 | . 2 2 2 17 Average Corruption 5 | . 2 2 2 16 Corruption Purged . | . . . . . Corruption Blocked . | . . . . . Effects 22 | . . 5 3 14 Message Errors 4 | . . 1 . 3 Matter Fused 4 | . . . 1 3 Heat Flow Errors 1 | . . . . 1 Energy Discharges 3 | . . 2 . 1 Parts Fused 1 | . . . 1 . Data Loss (minor) 2 | . . 1 1 . Data Loss (major) 1 | . . . . 1 Misfires 1 | . . . . 1 Misdirections 2 | . . . . 2 Weapon Failures 3 | . . 1 . 2 Overload Shots . | . . . . . Overflow Damage 66 | . . 10 . 56 Projectiles 10 | . . 10 . . Explosions 56 | . . . . 56 Melee . | . . . . . Knockbacks 5 | . . 3 2 . Impact . | . . . . . Kinetic 4 | . . 2 2 . Secondary 1 | . . 1 . . Self-Inflicted Damage 353 | 1 27 23 . 302 Shots 12 | . 1 . . 11 Rammed 10 | 1 1 8 . . Targets Rammed 10 | 1 1 8 . . Kicked . | . . . . . Crushed . | . . . . . Highest Temperature 497 | . 132 497 207 250 Average Temperature 104 | . 57 136 122 55 Received Heat Transfer 1215 | . 144 180 72 819 Effects 2 | . . 2 . . Shutdowns 1 | . . 1 . . Short Circuit 1 | . . 1 . . Siege Activations . | . . . . . Robots Corrupted . | . . . . . Combat Hostiles . | . . . . . Parts Fried . | . . . . . Impact Corruptions . | . . . . . Robots Melted . | . . . . . Combat Hostiles . | . . . . . Parts Melted 7 | . . 3 . 4 Heat Transferred 3077 | . 50 1886 105 1036 Parts Sabotaged . | . . . . . Parts Stolen . | . . . . . Parts Stripped . | . . . . . Power Chain Reactions 1 | . 1 . . . Alert | -11 -10 -9 -9 -8 ------- Run | Yrd Mat Mat Min Mat Peak Influence 488 | . 318 363 186 488 Initial 141 | . . 79 141 72 Average 207 | . 170 198 176 280 Maximum Alert Level 2 | . 1 1 . 2 Low Security (%) 47 | 100 54 44 100 24 Level 1 47 | . 45 55 . 57 Level 2 5 | . . . . 18 Level 3 . | . . . . . Level 4 . | . . . . . Level 5 . | . . . . . High Security . | . . . . . Max Security . | . . . . . Squads Dispatched 11 | . 3 1 . 7 Investigation 1 | . 1 . . . Extermination . | . . . . . Reinforcement 9 | . 2 1 . 6 Assault . | . . . . . Garrison 1 | . . . . 1 Intercept . | . . . . . Searches Triggered . | . . . . . Construction Impeded 2 | . . . . 2 Haulers Reinforced . | . . . . . Active Scanning Responses . | . . . . . Cargo Convoy Interrupts . | . . . . . Stealth | -11 -10 -9 -9 -8 --------- Run | Yrd Mat Mat Min Mat Distress Signals 10 | . 3 4 . 3 Communications Jammed . | . . . . . Distress Signals . | . . . . . Times Spotted 85 | . 19 29 3 34 Peak Tracking Total 8 | . 8 6 3 7 Tactical Retreats 3 | . 1 1 1 . Traps | -11 -10 -9 -9 -8 ------- Run | Yrd Mat Mat Min Mat Traps Triggered 1 | . 1 . . . Indirectly . | . . . . . Trap Hack Attempts . | . . . . . Triggered . | . . . . . Disarmed . | . . . . . Reprogrammed . | . . . . . Reused . | . . . . . Traps Extracted . | . . . . . Installed . | . . . . . Triggered . | . . . . . Machines | -11 -10 -9 -9 -8 ---------- Run | Yrd Mat Mat Min Mat Machines Disabled 7 | . 2 1 . 4 Max in Single Turn 1 | . 1 1 . 1 Machines Repaired . | . . . . . Machines Dismantled . | . . . . . Machines Sabotaged . | . . . . . Overloaded Fab Kills . | . . . . . Hacking | -11 -10 -9 -9 -8 --------- Run | Yrd Mat Mat Min Mat Machines Accessed 1 | . . 1 . . Terminals 1 | . . 1 . . Fabricators . | . . . . . Repair Stations . | . . . . . Recycling Units . | . . . . . Scanalyzers . | . . . . . Garrison Access . | . . . . . Total Hacks 1 | . . 1 . . Successful . | . . . . . Failed 1 | . . 1 . . Catastrophic . | . . . . . Database Lockouts . | . . . . . Manual . | . . . . . Terminals 1 | . . 1 . . Fabricators . | . . . . . Repair Stations . | . . . . . Recycling Units . | . . . . . Scanalyzers . | . . . . . Garrison Access . | . . . . . Terminal Hacks . | . . . . . Fabricator Hacks . | . . . . . Repair Station Hacks . | . . . . . Recycling Unit Hacks . | . . . . . Scanalyzer . | . . . . . Garrison Access Hacks . | . . . . . Unauthorized Hacks . | . . . . . Terminals . | . . . . . Fabricators . | . . . . . Repair Stations . | . . . . . Recycling Units . | . . . . . Scanalyzers . | . . . . . Garrison Access . | . . . . . Data Cores Recovered . | . . . . . Used . | . . . . . Hacking Detections . | . . . . . Full Trace Events . | . . . . . Feedback Events . | . . . . . Feedback Blocked . | . . . . . Robot Schematics Acquired . | . . . . . Robots Built . | . . . . . Authchips . | . . . . . Time . | . . . . . Total Robot Build Rating . | . . . . . Part Schematics Acquired . | . . . . . Parts Built . | . . . . . Authchips . | . . . . . Time . | . . . . . Total Part Build Rating . | . . . . . Parts Repaired . | . . . . . Time . | . . . . . Parts Recycled . | . . . . . Recycled Matter . | . . . . . Retrieved Matter . | . . . . . Retrieved Components . | . . . . . Parts Scanalyzed . | . . . . . Part Schematics Acquired . | . . . . . Parts Damaged . | . . . . . Bothacking | -11 -10 -9 -9 -8 ------------ Run | Yrd Mat Mat Min Mat Used RIF Installer . | . . . . . Robots Hacked . | . . . . . Non-combat . | . . . . . Combat . | . . . . . Robot Hacks Applied . | . . . . . Relay Couplers Released . | . . . . . Fabnet Peak Effective % . | . . . . . Robots Rewired . | . . . . . Allies Hacked . | . . . . . Hacks Repelled . | . . . . . Allies | -11 -10 -9 -9 -8 -------- Run | Yrd Mat Mat Min Mat Total Allies . | . . . . . Largest Group . | . . . . . Highest-Rated Group . | . . . . . Highest-Rated Ally . | . . . . . Total Orders . | . . . . . Ally Attacks . | . . . . . Total Damage . | . . . . . Kills . | . . . . . Allies Corrupted . | . . . . . Allies Melted . | . . . . . Intel | -11 -10 -9 -9 -8 ------- Run | Yrd Mat Mat Min Mat Robot Analysis Total . | . . . . . Derelict Logs Recovered 1 | . . . 1 . Drone Launches . | . . . . . Drone Recoveries . | . . . . . Exploration | -11 -10 -9 -9 -8 ------------- Run | Yrd Mat Mat Min Mat Turns Passed 2003 | 52 455 761 186 549 Spaces Moved 1314 | 45 361 495 165 248 Core 22 | 12 3 . . 7 Treads 1 | 1 . . . . Legs 79 | . . . . 79 Wheels 1212 | 32 358 495 165 162 Hover . | . . . . . Flight . | . . . . . Fastest Speed 50 | 50 80 95 80 95 Average Speed 99 | 83 91 95 94 124 Slowest Speed 450 | 160 200 110 95 450 Overloaded Moves . | . . . . . Propulsion Burnouts . | . . . . . Robots Hopped . | . . . . . Cave-ins Triggered 2 | . . . . 2 Exploration Rate (%) 35 | 4 71 37 32 31 Regions Visited 4 Branch Regions 1 Pre-discovered Areas 1 | . . . 1 . Known Exits Taken . | . . . . . Unknown Exits Taken 4 | 1 1 1 1 . Scrap Searched 1 | . . . 1 . Spaces Dug . | . . . . . Terrain Destroyed 111 | . 3 . . 108 Melee . | . . . . . Projectile 1 | . . . . 1 AOE 110 | . 3 . . 107 Terrain Rammed . | . . . . . Walls Destroyed . | . . . . . Machines Disabled . | . . . . . Actions | -11 -10 -9 -9 -8 --------- Run | Yrd Mat Mat Min Mat Total 1731 | 57 426 683 186 379 Wait 109 | . 2 78 5 24 Move 1310 | 44 360 494 164 248 Hop . | . . . . . Pick Up 46 | 6 8 15 5 12 Fast Attach 9 | 4 1 1 . 3 Attach 32 | 2 2 6 4 18 Detach 1 | . . . . 1 Swap 35 | . 7 12 . 16 Drop 27 | . 8 13 3 3 Fire 151 | . 37 56 5 53 Melee . | . . . . . Ram 11 | 1 1 8 . 1 Kick . | . . . . . Crush . | . . . . . Escape Stasis . | . . . . . Rewire . | . . . . . Trap . | . . . . . Miscellaneous . | . . . . . Route ------- -11/Scrapyard -10/Materials (discovered 3 exits: *Mat x2 / [*Min]) -9/Materials -9/Mines -8/Materials History --------- Turn | Location | Event 12 | -11/Scrapyard | Discovered new exit (range 15) 53 | -11/Scrapyard | Entered Materials 155 | -10/Materials | Discovered new exit (range 15) 332 | -10/Materials | Build established: Mutant 357 | -10/Materials | Discovered new exit (range 9) 474 | -10/Materials | Discovered new exit (range 11) 508 | -10/Materials | Entered another Materials area 508 | -9/Materials | Evolved 2 slots: Power x1, Utility x1 1250 | -9/Materials | Discovered new exit (range 16) 1269 | -9/Materials | Entered Mines 1291 | -9/Mines | Met a Derelict bent on vengeance 1338 | -9/Mines | Received a Rocket Launcher from a helpful Derelict 1442 | -9/Mines | Discovered new exit (range 7) 1455 | -9/Mines | Entered Materials 1455 | -8/Materials | Evolved 2 slots: Utility x1, Weapon x1 1615 | -8/Materials | Lost 3 parts (1n1u1w) 1750 | -8/Materials | Crushed by falling debris 1750 | -8/Materials | Core integrity fell below 50% 1750 | -8/Materials | System corruption reached 10% 1765 | -8/Materials | Crushed by falling debris 1796 | -8/Materials | Lost 10 parts (2p2n3u3w) 1918 | -8/Materials | Garrison activated, responded to threat 1920 | -8/Materials | Core integrity fell below 20% 2004 | -8/Materials | Destroyed self with Mini Grenade Launcher Last Messages --------------- 01992_ G-47 Trooper destroyed. 01992_ U-05 Engineer lays Concrete. 01995_ G-47 Trooper destroyed. 01995_ U-05 Engineer lays Concrete. 01996_ Titanium Leg destroyed. 01997_ U-05 Engineer lays Concrete. 01998_ The unstable cave ceiling collapses. 01998_ Acquired 13 matter. 01998_ U-05 Engineer lays Concrete. 01999_ Gauss Rifle destroyed. 02000_ U-05 Engineer lays Concrete. 02002_ The unstable cave ceiling collapses. 02002_ U-05 Engineer lays Concrete. 02002_ System corrupted: Mni. Grenade Launcher failed to launch. 02002_ Imp. Heat Sink destroyed. 02004_ The unstable cave ceiling collapses. 02004_ U-05 Engineer lays Concrete. 02004_ Titanium Leg destroyed. 02004_ Destroyed Titanium Leg. Map ----- +----------------------------------------------------+ | ?????????????????????????????????????????????????? | | ?????????????????????????????????????????????????? | | ?????????????????????????????????????????????????? | | ?????????????????????????????????????????????????? | | ?????????????????????????????????????????????????? | | ?????????????????????????????????????????????????? | | ?????????????????????????????????????????????????? | | ???????????????????????????????? ??????????????? | | ???????????????????????????????? #?????????????? | | ??????????????????????????????? #?????????????? | | ???????????????????????????????# #?????????????? | | ???????????????????????????????# #?????????????? | | ???????????????????????????????# #?????????????? | | ???????????????????????????????# ##########????? | | ???????????????????????????????# ????? | | ???????????????????????????????# ?????? | | ??????????????????????########## ???????? | | ??????????????????????# ! # #????????? | | ??????????????????????# # #????????? | | ???????????????????#### " # ! #????????? | | ??????????????????## # |%!! #????????? | | ??????????????##### # # %= #????????? | | ?????????????## u!% + #????????? | | ?????????????# Y = =! # [ #????????? | | ?????????????# [ ] ! *%=## # #????????? | | ?????????????# %% !!@ *=! # # #????????? | | ????????????## *!! ! ## ## # #????????? | | ?????????? ! ! # ###### #????????? | | ??????????? %# ######????# #????????? | | ??????????? ! =!##??????????# #????????? | | ???????????? # "?????????????# #????????? | | ?????????????# "?????######### ########## | | ?????????????# ??????# | | ?????????????# /????#### | | ????????????? ???? """ """" | | ?????????????? ????? "R" """" | | ???????????????? ???? " " """" | | ????????????????# ?????############# | | ????????????????# ??###### ####???# | | ????????????????# ?# #???# = | | ???????????????## ## ""#???# = | | ????????????#### # T"#???# | | ??????????? # "#???# | | ??????????? + = #??## ######## ## | | ???????????? # #??# #?????# #? | | ???????????????# # = #### #?????# #? | | ????????????????# ## / T #?????# #? | | ????????????????# # ### ####### #?????# # | | ????????????????? # ## # = #?????# # | | ????????????????# ## # ## #######?????# #? | +----------------------------------------------------+ Best States ------------- Heat Dissipation 55 Energy Generation 19 Energy Capacity 400 Matter Stores 300 Matter Capacity 450 Sight Range 16 Terrain Scan Density 10 Armor Coverage 150 Resistance: EM 15 Core Shielding 20 Weapon Shielding 33 Evasion (%) 50 Targeting Accuracy 6 Item Schematics ----------------- None Robot Schematics ------------------ None Fabricated ------------ Nothing Alien Tech Used ----------------- None Achievements -------------- None Challenges ------------ None Game ------ Seed ReinforcedRecyclingMallet Manual? 0 Play Time 00:33:31 Cumulative 13.9 hours Start 2024.05.11 @ 16:58:58 End 2024.05.11 @ 18:09:07 Sessions 1 Manual Loads 0 Difficulty Rogue Special Mode None Game No. 27 Rogue 27 Adventurer 0 Explorer 0 Win Type - Total 0 Types 0/0/0/0/0/0/0/0/0 Lore% 6 Gallery% 21 Achievement% 17 Wizard Run 0 Options --------- Layout 1 ASCII 0 Keyboard 0 Movement Mouse Keybinds 0 Fullscreen 2 Font 32/SmallcapsGlow Map View 50x35 Zoom Use 0% Tactical HUD 1 Map Filters NONE Filters NONE Steam 1 RUN: 5513edbc-50bb-4def-8d8e-9724ff32b8e8